 Dungeon Crawl Stone Soup version 0.30-a0-335-ge5acde7520 (webtiles) character file.

Game seed: 668940639702863963

5409 twist the Basher (level 10, -3/82 HPs)
             Began as a Gnoll Cinder Acolyte on Oct 30, 2022.
             Was a High Priest of Ignis.
             Slain by Erolcha
             ... wielding a +0 giant club
              (40 damage)
             ... on level 10 of the Dungeon.
             The game lasted 00:10:49 (9985 turns).

twist the Basher (Gnoll Cinder Acolyte)             Turns: 9985, Time: 00:10:50

Health: -3/82      AC: 13    Str: 22    XL:     10   Next: 67%
Magic:  19/19      EV: 16    Int: 12    God:    Ignis [*****.]
Gold:   651        SH:  0    Dex:  7    Spells: 19/21 levels left

rFire   + . .      SeeInvis .    u - +0 morningstar (freeze)
rCold   + . .      Faith    .    (no shield)
rNeg    . . .      Spirit   .    q - +1 leather armour {rC+}
rPois   .          Reflect  .    r - +2 helmet "Ebosido" {Will+++ Str+6 Int-4}
rElec   .          Harm     .    J - +0 cloak
rCorr   .          Rampage  .    h - +0 pair of gloves
Will    ++++.                    k - +2 pair of boots
Stlth   ++........               y - amulet of magic regeneration
HPRegen 0.33/turn                A - +4 ring of evasion
MPRegen 0.56/turn                D - ring of willpower

@: no status effects
A: fangs 1, strong nose, distributed training
a: Renounce Religion, Fiery Armour, Foxfire Swarm, Rising Flame


You were on level 10 of the Dungeon.
You worshipped Ignis.
Ignis was extremely pleased with you.
You visited 1 branch of the dungeon, and saw 10 of its levels.

You collected 651 gold pieces.

Inventory:

Hand Weapons
 a - a -1 mace of flaming
 u - a +0 morningstar of freezing (weapon)
Missiles
 C - 3 javelins
Armour
 h - a +0 pair of gloves (worn)
 k - a +2 pair of boots (worn)
 q - a +1 leather armour of cold resistance (worn)
 r - the +2 helmet "Ebosido" (worn) {Will+++ Str+6 Int-4}
   (You acquired it on level 3 of the Dungeon)

   Str:       It affects your strength (+6).
   Int:       It affects your intelligence (-4).
   Will:      It greatly increases your willpower.
 s - the +1 chain mail of the Special Runes {rN++ rCorr Int+8 Dex-3}
   (You found it on level 2 of the Dungeon)

   Int:       It affects your intelligence (+8).
   Dex:       It affects your dexterity (-3).
   rN:        It greatly protects you from negative energy.
   rCorr:     It protects you from acid and corrosion.
 J - a +0 cloak (worn)
Jewellery
 v - a ring of resist corrosion
 x - a ring of fire
 y - an amulet of magic regeneration (around neck)
 A - a +4 ring of evasion (left hand)
 D - a ring of willpower (right hand)
Wands
 t - a wand of quicksilver (12) (quivered)
 F - a wand of charming (16)
 H - a wand of flame (23)
 K - a wand of mindburst (5)
Scrolls
 d - 2 scrolls of vulnerability
 g - a scroll of magic mapping
 i - 3 scrolls of identify
 j - 3 scrolls of amnesia
 o - 6 scrolls of teleportation
Potions
 b - a potion of mutation {unknown}
 c - 3 potions of haste
 e - 4 potions of lignification
 f - 2 potions of berserk rage
 l - 10 potions of curing
 m - a potion of flight {unknown}
 n - a potion of ambrosia {unknown}
 p - a potion of heal wounds
 w - 2 potions of might
 z - 2 potions of invisibility {unknown}
 B - a potion of cancellation {unknown}
 E - a potion of brilliance {unknown}
 G - a potion of degeneration {unknown}
 I - a potion of attraction {unknown}


   Skills:
 + Level 8.8 Fighting
 + Level 5.7 Short Blades
 + Level 5.7 Long Blades
 + Level 5.7 Axes
 + Level 8.8 Maces & Flails
 + Level 5.7 Polearms
 + Level 5.7 Staves
 + Level 5.7 Ranged Weapons
 + Level 5.7 Throwing
 + Level 5.7 Armour
 + Level 5.7 Dodging
 + Level 5.7 Stealth
 + Level 5.7 Shields
 + Level 5.7 Unarmed Combat
 + Level 6.4 Spellcasting
 + Level 4.7 Conjurations
 + Level 4.7 Hexes
 + Level 4.7 Summonings
 + Level 4.7 Necromancy
 + Level 4.7 Translocations
 + Level 4.7 Transmutations
 + Level 7.3 Fire Magic
 + Level 4.7 Ice Magic
 + Level 4.7 Air Magic
 + Level 4.7 Earth Magic
 + Level 4.7 Poison Magic
 + Level 6.2 Invocations
 + Level 5.7 Evocations


You had 19 spell levels left.
You knew the following spells:

 Your Spells              Type           Power      Damage    Failure   Level
a - Scorch                Fire           42%        2d7       1%          2

Your spell library contained the following spells:

 Spells                   Type           Power      Damage    Failure   Level
 Magic Dart               Conj           60%        1d6       2%          1
 Summon Small Mammal      Summ           60%        N/A       2%          1
 Searing Ray              Conj           30%        2d5       4%          2
 Sublimation of Blood     Necr           15%        N/A       4%          2
 Call Canine Familiar     Summ           15%        N/A       9%          3
 Summon Guardian Golem    Hex/Summ       15%        N/A       9%          3
 Flame Wave               Conj/Fire      18%        2d7       17%         4
 Fulminant Prism          Conj/Hex       7%         3d7       28%         4
 Petrify                  Tmut/Erth      15%        N/A       28%         4
 Irradiate                Conj/Tmut      7%         3d14      61%         5
 Summon Cactus Giant      Summ           7%         N/A       99%         6


Dungeon Overview and Level Annotations

Branches:
Dungeon (10/15)            Temple (0/1) D:4            Lair (0/5) D:10
    Orc (0/2) D:9

Altars:
Cheibriados
Elyvilon
Hepliaklqana
Okawaru
Qazlal
Xom

Shops:
D:7 *

Annotations:
D:10 Erolcha


Innate Abilities, Weirdness & Mutations

You have very sharp teeth.
Your uncanny sense of smell can sniff out nearby items.
Your experience applies equally to all skills.


Message History

Confirm with . or Enter, or press ? or * to list all spells.
You can't see any susceptible monsters within range! (Use Z to cast anyway.)
Casting: Scorch (safe; 1% risk of failure)
Confirm with . or Enter, or press ? or * to list all spells.
You can't see any susceptible monsters within range! (Use Z to cast anyway.)
Casting: Scorch (safe; 1% risk of failure)
Confirm with . or Enter, or press ? or * to list all spells.
You can't see any susceptible monsters within range! (Use Z to cast anyway.)
Casting: Scorch (safe; 1% risk of failure)
Confirm with . or Enter, or press ? or * to list all spells.
You can't see any susceptible monsters within range! (Use Z to cast anyway.)
Casting: Scorch (safe; 1% risk of failure)
Confirm with . or Enter, or press ? or * to list all spells.
Flames lash Erolcha but do no damage.
You hear a bellow! x2
Casting: Scorch (safe; 1% risk of failure)
Confirm with . or Enter, or press ? or * to list all spells.
Flames lash Erolcha.
Erolcha is lightly wounded.
Erolcha's fire resistance burns away.
Erolcha casts a spell.
Erolcha flickers and vanishes!
Deactivating autopickup; reactivate with Ctrl-A.
Okay, then.
Unknown command.
Unknown command.
Okay, then.
Something hits you!
You bludgeon something!! You freeze something. Something hits you!
* * * LOW HITPOINT WARNING * * *
You miss something. Your bite misses something.
A yak comes into view.
Something hits you!
* * * LOW HITPOINT WARNING * * *
The yak moves out of view.
You closely miss something. You bite something. You sock something!
You freeze something. Something closely misses you.
Unknown command.
You closely miss something. Your bite misses something. Something hits you!!!
You die...

....... .......
....... .......
..... ...##+##
#.{...# #.@...#
#.....# .# #.....#
..#
###.....#######..#
...................
∆
...................
....................
....................
....########.....#+


There were no monsters in sight!

Vanquished Creatures
  A two-headed ogre (D:8)
  Maurice (D:9)
  Psyche (D:10)
  2 trolls
  A hornet (D:8)
  4 steam dragons
  3 water moccasins
  3 orc warriors
  A sky beast (D:6)
  A black bear (D:7)
  An ogre (D:7)
  2 ice beasts
  A phantom (D:6)
  5 bullfrogs
  A gnoll sergeant (D:9)
  3 necrophages
  4 scorpions
  6 killer bees (D:7)
  A howler monkey (D:6)
  4 hounds
  2 jellies
  5 orc priests
  3 iguanas
  9 orc wizards
  3 gnolls (D:9)
  11 adders
  A white imp (D:6)
  2 ufetubi (D:5)
  3 worms (D:4)
  4 dart slugs
  23 orcs
  6 ball pythons
  3 bats
  7 endoplasms
  A giant cockroach (D:1)
  7 goblins (D:1)
  7 hobgoblins
  3 kobolds
  4 quokkas
  2 frilled lizards (D:1)
  4 rats
156 creatures vanquished.

Vanquished Creatures (others)
  12 plants
12 creatures vanquished.

Grand Total: 168 creatures vanquished

Notes
Turn   | Place    | Note
-------+----------+-------------------------------------------
     0 | D:1      | twist the Gnoll Cinder Acolyte began the quest for the Orb.
     0 | D:1      | Reached XP level 1. HP: 23/23 MP: 4/4
   276 | D:1      | Reached XP level 2. HP: 26/29 MP: 5/5
   631 | D:1      | Reached XP level 3. HP: 35/35 MP: 7/7
  1097 | D:2      | Reached skill level 1 in Invocations
  1229 | D:2      | Reached skill level 1 in Short Blades
  1229 | D:2      | Reached skill level 1 in Long Blades
  1229 | D:2      | Reached skill level 1 in Axes
  1229 | D:2      | Reached skill level 1 in Polearms
  1229 | D:2      | Reached skill level 1 in Staves
  1229 | D:2      | Reached skill level 1 in Ranged Weapons
  1229 | D:2      | Reached skill level 1 in Throwing
  1229 | D:2      | Reached skill level 1 in Armour
  1229 | D:2      | Reached skill level 1 in Dodging
  1229 | D:2      | Reached skill level 1 in Stealth
  1229 | D:2      | Reached skill level 1 in Shields
  1229 | D:2      | Reached skill level 1 in Unarmed Combat
  1229 | D:2      | Reached skill level 1 in Evocations
  1371 | D:2      | Identified the +1 chain mail of the Special Runes {rN++
                  | rCorr Int+8 Dex-3}
  1499 | D:2      | Found a shimmering altar of Xom.
  1874 | D:2      | Learned a level 2 spell: Scorch
  2026 | D:3      | Found a stormy altar of Qazlal.
  2092 | D:3      | Reached XP level 4. HP: 41/41 MP: 3/8
  2280 | D:3      | Found a faded altar of an unknown god.
  2434 | D:3      | Reached skill level 1 in Conjurations
  2434 | D:3      | Reached skill level 1 in Hexes
  2434 | D:3      | Reached skill level 1 in Summonings
  2434 | D:3      | Reached skill level 1 in Necromancy
  2434 | D:3      | Reached skill level 1 in Translocations
  2434 | D:3      | Reached skill level 1 in Transmutations
  2434 | D:3      | Reached skill level 1 in Ice Magic
  2434 | D:3      | Reached skill level 1 in Air Magic
  2434 | D:3      | Reached skill level 1 in Earth Magic
  2434 | D:3      | Reached skill level 1 in Poison Magic
  2551 | D:3      | Reached XP level 5. HP: 9/47 MP: 0/9
  2725 | D:3      | Identified a scroll of acquirement
  2725 | D:3      | Acquired the +2 helmet "Ebosido" {Will+++ Str+6 Int-4}
  3226 | D:4      | Reached XP level 6. HP: 38/53 MP: 3/11
  3356 | D:4      | You fall into a shaft and drop 2 floors!
  3400 | D:5      | Entered Level 5 of the Dungeon
  3538 | D:5      | Reached XP level 7. HP: 60/60 MP: 7/12
  3882 | D:4      | Found a staircase to the Ecumenical Temple.
  5240 | D:6      | Noticed a steam dragon
  5252 | D:6      | Reached XP level 8. HP: 44/67 MP: 5/14
  5432 | D:6      | Found an iron altar of Okawaru.
  5778 | D:6      | Found a white marble altar of Elyvilon.
  5869 | D:6      | Reached XP level 9. HP: 48/73 MP: 11/16
  6058 | D:6      | Reached skill level 5 in Spellcasting
  6558 | D:7      | Found a snail-covered altar of Cheibriados.
  6601 | D:7      | Found a hazy altar of Hepliaklqana.
  6885 | D:7      | Found Buf Ygie's General Store.
  7296 | D:7      | Reached skill level 5 in Invocations
  8081 | D:8      | Noticed a troll
  8110 | D:8      | Killed a troll
  8287 | D:8      | Identified the +4 short sword of Dust {vorpal, Int+4}
  8356 | D:8      | Noticed a hornet
  8363 | D:8      | Killed a hornet
  8363 | D:8      | Noticed a two-headed ogre
  8364 | D:8      | Reached skill level 5 in Short Blades
  8364 | D:8      | Reached skill level 5 in Long Blades
  8364 | D:8      | Reached skill level 5 in Axes
  8364 | D:8      | Reached skill level 5 in Polearms
  8364 | D:8      | Reached skill level 5 in Staves
  8364 | D:8      | Reached skill level 5 in Ranged Weapons
  8364 | D:8      | Reached skill level 5 in Throwing
  8364 | D:8      | Reached skill level 5 in Armour
  8364 | D:8      | Reached skill level 5 in Dodging
  8364 | D:8      | Reached skill level 5 in Stealth
  8364 | D:8      | Reached skill level 5 in Shields
  8364 | D:8      | Reached skill level 5 in Unarmed Combat
  8364 | D:8      | Reached skill level 5 in Evocations
  8364 | D:8      | Reached XP level 10. HP: 65/81 MP: 11/18
  8453 | D:8      | Killed a two-headed ogre
  9299 | D:9      | Found a staircase to the Orcish Mines.
  9301 | D:9      | Noticed Maurice
  9314 | D:9      | Killed Maurice
  9676 | D:10     | Entered Level 10 of the Dungeon
  9764 | D:10     | Noticed Psyche
  9769 | D:10     | Killed Psyche
  9831 | D:10     | Found a staircase to the Lair.
  9974 | D:10     | Noticed Erolcha
  9985 | D:10     | Slain by Erolcha

Illustrated notes

Levels and vault maps discovered:
D:1:      dpeg_chamrin_arrival_tetris, layout_loops_ring, st_stairs_5,
          minivault_25, chequers_mini_garden
D:2:      layout_loops_ring, basic_altar, ebering_dispersal_statue_hall,
          serial_bayou_ford_a
D:3:      layout_basic, mainiacjoe_overflow_six_doors_small,
          chequers_ecumenical_altar_grove, kennysheep_generic_room_10
D:4:      layout_gridville, minmay_temple_entry_statues_fountains, minivault_25
D:5:      layout_cave_pods
D:6:      minmay_inner_zag, layout_loops_cross, elyvilon_altar_3,
          okawaru_trees_1, hellmonk_bongcloud_opening
D:7:      layout_layer_cave, mainiacjoe_overflow_catwalk,
          nicolae_hepliaklqana_hazy_memory, serial_shops, shop_statue, eino_jars
D:8:      layout_basic
D:9:      layout_roguey, minmay_orc_entry_temple_small, uniq_maurice
D:10:     layout_gridville, nzn_overflow_gifts_of_might_and_magic,
          david_lair_shrubbed, enter_trove_2, hellmonk_ghost_big_iron,
          nicolae_diode_intersection, uniq_erolcha, uniq_psyche

Skill      XL: |  1  2  3  4  5  6  7  8  9 10 |
---------------+-------------------------------+-----
Invocations    | 1 2 3 4 5 6 |  6.2
Short Blades   | 1 2 3 5 |  5.7
Long Blades    | 1 2 3 5 |  5.7
Axes           | 1 2 3 5 |  5.7
Polearms       | 1 2 3 5 |  5.7
Staves         | 1 2 3 5 |  5.7
Ranged Weapons | 1 2 3 5 |  5.7
Throwing       | 1 2 3 5 |  5.7
Armour         | 1 2 3 5 |  5.7
Dodging        | 1 2 3 5 |  5.7
Stealth        | 1 2 3 5 |  5.7
Shields        | 1 2 3 5 |  5.7
Unarmed Combat | 1 2 3 5 |  5.7
Evocations     | 1 2 3 5 |  5.7
Spellcasting   | 3 4 5 6 |  6.4
Conjurations   | 1 2 3 4 |  4.7
Hexes          | 1 2 3 4 |  4.7
Summonings     | 1 2 3 4 |  4.7
Necromancy     | 1 2 3 4 |  4.7
Translocations | 1 2 3 4 |  4.7
Transmutations | 1 2 3 4 |  4.7
Ice Magic      | 1 2 3 4 |  4.7
Air Magic      | 1 2 3 4 |  4.7
Earth Magic    | 1 2 3 4 |  4.7
Poison Magic   | 1 2 3 4 |  4.7
Fighting       | 7 8 |  8.8
Maces & Flails | 7 8 |  8.8
Fire Magic     | 6 7 |  7.3

Action                   |  1- 3 |  4- 6 |  7- 9 | 10-12 || total
-------------------------+-------+-------+-------+-------++-------
Melee: Mace              |   103 |    18 |       |       ||   121
       Bite              |     6 |     4 |    17 |     9 ||    36
       Punch             |     1 |     2 |     5 |     1 ||     9
       Morningstar       |       |    64 |   174 |    73 ||   311
Throw: Javelin           |       |       |       |     2 ||     2
 Cast: Scorch            |     3 |    30 |    76 |    29 ||   138
Evoke: Wand              |       |       |       |     2 ||     2
  Use: Scroll            |       |    10 |     8 |       ||    18
 Stab: Sleeping          |     1 |       |     4 |     1 ||     6
       Distracted        |       |       |       |     1 ||     1
Armor: Robe              |    15 |       |       |       ||    15
       Leather armour    |     7 |    58 |   110 |    25 ||   200
Dodge: Dodged            |    46 |    41 |   181 |    62 ||   330

Table legend: (Time is in decaauts)
 A = Elapsed time spent in this place.
 B = Non-inter-level travel time spent in this place.
 C = Inter-level travel time spent in this place.
 D = Time resting spent in this place.
 E = Time spent auto-exploring this place.
 F = Levels seen in this place.
 G = Mean time per level.
                   A        B        C        D        E       F      G
               +--------+--------+--------+--------+--------+-----+--------+
         Total |  10033 |   9520 |    513 |    225 |   7868 |  10 | 1003.3 |
       Dungeon |  10033 |   9520 |    513 |    225 |   7868 |  10 | 1003.3 |
               +--------+--------+--------+--------+--------+-----+--------+

Top non-repeatable levels by time:
     D:7: 1506 daAuts
     D:6: 1246 daAuts
     D:5: 1227 daAuts
     D:8: 1171 daAuts
     D:3: 1077 daAuts
     D:1: 1048 daAuts
     D:4: 890 daAuts
     D:2: 886 daAuts
     D:9: 667 daAuts
    D:10: 309 daAuts
